 Dungeon Crawl Stone Soup version 0.28.0-53-g5a82cb258f (webtiles) character file.

Game seed: 518332705355147481

225 Asher535 the Digger (level 6, -9/32 HPs)
             Began as a Gargoyle Earth Elementalist on July 28, 2022.
             Was an Initiate of Ru.
             Mangled by an ogre
             ... wielding a +0 giant club
              (23 damage)
             ... on level 4 of the Dungeon.
             The game lasted 00:12:15 (3292 turns).

Asher535 the Digger (Gargoyle Earth Elementalist)   Turns: 3292, Time: 00:12:15

Health: -9/32      AC:  6    Str: 11    XL:     6   Next: 1%
Magic:  7/10       EV: 12    Int: 18    God:    Ru [......]
Gold:   72         SH:  0    Dex: 10    Spells: 10/11 levels left

rFire   + . .      SeeInvis .   k - staff of fire
rCold   . . .      Faith    .   (no shield)
rNeg    + . .      Spirit   .   b - +0 robe
rPois   ∞          Reflect  .   (no helmet)
rElec   +          Harm     .   (no cloak)
rCorr   .          Rampage  .   (no gloves)
Will    .....                   (no boots)
Stlth   ++........              (no amulet)
HPRegen 0.10/turn               (no ring)
MPRegen 0.12/turn               (no ring)

@: very slightly contaminated
A: sickness immunity, AC +4, negative energy resistance 1, electricity
resistance, torment resistance 1, petrification resistance
a: Renounce Religion, Sacrifice Durability, Sacrifice Courage, Sacrifice an Eye,
Reject Sacrifices


You were on level 4 of the Dungeon.
You worshipped Ru.
Ru was noncommittal.
You visited 1 branch of the dungeon, and saw 4 of its levels.

You collected 72 gold pieces.

Inventory:

Hand Weapons
 d - a +0 club
 e - a +0 dagger
Missiles
 c - 36 stones
 m - 4 curare-tipped darts
 o - 3 silver boomerangs
Armour
 a - a +0 leather armour
 b - a +0 robe (worn)
 f - a +0 pair of boots
Magical Staves
 k - a staff of fire (weapon)
Jewellery
 n - a ring of resist corrosion
Scrolls
 g - a scroll of blinking {unknown}
 h - 3 scrolls of teleportation {unknown}
 i - 2 scrolls of fear {unknown}
 p - a scroll of immolation {unknown}
Potions
 j - a potion of curing {unknown}
 l - 3 potions of brilliance {unknown}


   Skills:
 + Level 0.3 Staves
 - Level 0.1 Throwing
 + Level 2.7 Dodging
 - Level 2.3 Stealth
 + Level 3.1 Spellcasting
 * Level 1.8 Transmutations
 + Level 5.3 Earth Magic


You had 10 spell levels left.
You knew the following spells:

 Your Spells              Type           Power      Damage    Failure   Level
a - Sandblast             Erth           44%        2d11      1%          1

Your spell library contained the following spells:

 Spells                   Type           Power      Damage    Failure   Level
 Passwall                 Tmut/Erth      12%        N/A       5%          2
 Stone Arrow              Conj/Erth      24%        3d8       16%         3
 Ignite Poison            Fire/Tmut/Pois 7%         N/A       36%         3
 Petrify                  Tmut/Erth      15%        N/A       36%         4
 Conjure Flame            Conj/Fire      4%         6-21      43%         3
 Sticky Flame             Conj/Fire      4%         2d3       85%         4


Dungeon Overview and Level Annotations

Branches:
Dungeon (4/15)
 Temple: D:4-7

Altars:
Elyvilon
Okawaru
Ru
Wu Jian
Yredelemnul
Zin

Portals:
Sewer: D:3

Annotations:
D:4 3 runed translucent doors


Innate Abilities, Weirdness & Mutations

You are immune to sickness and miasma.
Your stone body is resilient. (AC +4)
You are immune to poison.
You resist negative energy. (rN+)
You are resistant to electric shocks. (rElec)
You are resistant to unholy torment.
You are immune to petrification.


Message History

The kobold hits you but does no damage.
You barely miss the kobold.
The kobold is heavily wounded.
An endoplasm comes into view.
The ogre closely misses you. The kobold closely misses you.
The endoplasm quivers.
You hit the kobold.
You kill the kobold!
The ogre hits you with a +0 giant club.
Things that are here:
a +0 whip; 12 gold pieces; a kobold corpse A kobold comes into view.
It is wielding a +0 short sword and quivering poisoned darts.
Casting: Sandblast (safe; 1% risk of failure)
Confirm with . or Enter, or press ? or * to list all spells.
Aiming: Sandblast (safe; 1% risk of failure)
Press: ? - help, Shift-Dir - straight line, f - ogre
Aim: an ogre, wielding a +0 giant club (91% to hit)
The blast of sand hits the ogre!
The ogre is moderately wounded.
The ogre hits you with a +0 giant club!
Casting: Sandblast (safe; 1% risk of failure)
Confirm with . or Enter, or press ? or * to list all spells.
Aiming: Sandblast (safe; 1% risk of failure)
Press: ? - help, Shift-Dir - straight line, f/p - ogre
Aim: an ogre, wielding a +0 giant club (moderately wounded, 91% to hit)
You miscast Sandblast.
You are very lightly contaminated with residual magic.
Nothing appears to happen.
Casting: Sandblast (safe; 1% risk of failure)
Confirm with . or Enter, or press ? or * to list all spells.
Aiming: Sandblast (safe; 1% risk of failure)
Press: ? - help, Shift-Dir - straight line, f/p - ogre
Aim: an ogre, wielding a +0 giant club (moderately wounded, 91% to hit)
The blast of sand hits the ogre!
The ogre is severely wounded.
The endoplasm freezes you.
You are frozen.
The ogre hits you with a +0 giant club!!
Ouch! That really hurt!
You die...

###.....###### #.#
# #####......# ...#
.Z.
###..#.######....#
5..
##...........#.#
..# ##..###.##....#
Z.
#....#.####)##...##
Z #....#.##.......#
##.(.+.##..OJ..##
#...+.#>..@...#
#...+.........#
#...#.........#
....#..#......#
##...#..#...#
#.......###.#
.......## .# K.....
.


You could see an ogre, an endoplasm and a kobold (asleep).

Vanquished Creatures
  A centaur skeleton (D:4)
  2 hounds (D:4)
  A jelly (D:4)
  4 adders
  A worm (D:3)
  3 dart slugs (D:1)
  An orc (D:3)
  8 ball pythons
  4 endoplasms
  4 giant cockroaches
  6 hobgoblins
  3 kobolds
  4 quokkas
  6 bats
  A frilled lizard (D:1)
  5 goblins
  5 rats
59 creatures vanquished.

Notes
Turn   | Place    | Note
-------+----------+-------------------------------------------
     0 | D:1      | Asher535 the Gargoyle Earth Elementalist began the quest
                  | for the Orb.
     0 | D:1      | Reached XP level 1. HP: 10/10 MP: 3/3
   296 | D:1      | Reached skill level 4 in Earth Magic
   317 | D:1      | Reached XP level 2. HP: 12/15 MP: 3/5
   973 | D:1      | Reached XP level 3. HP: 10/19 MP: 6/6
  1887 | D:2      | Found a faded altar of an unknown god.
  1913 | D:2      | Reached skill level 1 in Transmutations
  1921 | D:2      | Prayed at the altar of an unknown god.
  1921 | D:2      | Became a worshipper of Ru the Awakened
  2336 | D:2      | Reached XP level 4. HP: 20/24 MP: 5/7
  2907 | D:3      | Found a glowing drain.
  2958 | D:3      | Noticed a sky beast
  2988 | D:3      | Found a sacrificial altar of Ru.
  3011 | D:3      | Found a basalt altar of Yredelemnul.
  3011 | D:3      | Found an iron altar of Okawaru.
  3031 | D:3      | Found a glowing silver altar of Zin.
  3031 | D:3      | Found a white marble altar of Elyvilon.
  3105 | D:4      | Reached XP level 5. HP: 26/28 MP: 3/9
  3127 | D:4      | Found an ornate altar of the Wu Jian Council.
  3135 | D:4      | Reached skill level 5 in Earth Magic
  3268 | D:4      | Reached XP level 6. HP: 32/32 MP: 7/10
  3275 | D:4      | Found a runed translucent gate.
  3275 | D:4      | Found a runed translucent gate.
  3275 | D:4      | Found a runed translucent gate.
  3292 | D:4      | Mangled by an ogre

Illustrated notes

Levels and vault maps discovered:
D:1:      wander_arrival_chamber, layout_loops_ring, minivault_27
D:2:      layout_rooms, ebering_ecumenical_altar_sacrificial,
          minmay_crystal_room
D:3:      layout_loops_ring, minmay_overflow_temple_star_hex,
          ebering_ghost_sewer_f, serial_rivers, chequers_serial_rivers_small_3,
          chequers_serial_rivers_marsh, chequers_serial_rivers_small_3,
          chequers_serial_rivers_micro_a, chequers_serial_rivers_large_b,
          portal_sewer_entry_d
D:4:      layout_rooms, nicolae_overflow_crystal_walls, gammafunk_ghost_icy

Skill      XL: |  1  2  3  4  5 |
---------------+----------------+-----
Earth Magic    | 4 5 |  5.3
Dodging        | 2 |  2.7
Transmutations | 1 |  1.8
Spellcasting   | 3 |  3.1
Staves         | |  0.3
Throwing       | |  0.1
Stealth        | |  2.3

Action                   |  1- 3 |  4- 6 || total
-------------------------+-------+-------++-------
Melee: Unarmed           |    18 |       ||    18
       Dagger            |    90 |       ||    90
       Club              |    30 |       ||    30
       Punch             |     2 |       ||     2
       Staff             |       |    36 ||    36
Throw: Stone             |     7 |       ||     7
 Cast: Sandblast         |    14 |    34 ||    48
 Stab: Sleeping          |     5 |       ||     5
Armor: Robe              |    48 |    27 ||    75
Dodge: Dodged            |   108 |    48 ||   156
